[Event "Late-Titled-Tuesday-Blitz-April-23-2024"]
[Site "Chess.com"]
[Date "2024.04.23"]
[Round "3"]
[White "SCIM"]
[Black "titomagno_64"]
[Result "0-1"]
[WhiteElo "2550"]
[BlackElo "2316"]
[TimeControl "180+1"]
[EndTime "14:30:07 PDT"]
[Termination "titomagno_64 won by resignation"]

1. e4 g6 2. d4 Nf6 3. e5 Nh5 4. Be2 d6 5. Bxh5 gxh5 6. Qxh5 dxe5 7. dxe5 Rg8 8. g3 Bg4 9. Qxg4 Rxg4 10. Nc3 Nc6 11. Bf4 Bg7 12. Rd1 Qc8 13. Nf3 Rxf4 14. gxf4 Qg4 15. Rd3 Kf8 16. Rg1 Qxf4 17. Re3 Rd8 18.
Ne2 Qb4+ 19. c3 Qxb2 20. Ned4 Nxd4 21. cxd4 Rxd4 22. Kf1 Rd1+ 23. Ne1 Qxa2 24. e6 fxe6 25. Rg4 Qa6+ 26. Kg2 Qc6+ 27. Nf3 Bf6 28. Rge4 Kf7 29. h4 Rd8 30. Rf4 Rg8+ 31. Kh3 Qc1 32. Ng5+ Ke8 33.
Rg4 Bxg5 34. hxg5 Qh1+ 35. Kg3 Qh5 36. Re5 h6 37. f4 hxg5 38. fxg5 Qg6 39. Rf4 Qxg5+ 40.
Rxg5 Rxg5+ 41. Kh3 Rf5 42. Rh4 Kd7 43. Rh8 c5 44.
Ra8 a6 45. Rb8 Kc7 46. Re8 Rf7 47. Rg8 b5 48. Rg4 c4 49. Rg6 Kd6 50. Rg8 b4 51. Ra8 b3 52. Rxa6+ Kc5 53. Rxe6 b2 54. Re5+ Kb4 55. Re6 c3 56. Rb6+ Kc4 57. Rc6+ Kd3 58. Rb6 c2 59. Rb3+ Kd2 60. Rxb2 Kd1 61. Rb8 c1=Q 62.
Rd8+ Qd2 0-1

[Event "Late-Titled-Tuesday-Blitz-April-23-2024"]
[Site "Chess.com"]
[Date "2024.04.23"]
[Round "3"]
[White "NoSpaghettiForYou"]
[Black "MarlonJodar"]
[Result "1-0"]
[WhiteElo "2512"]
[BlackElo "2261"]
[TimeControl "180+1"]
[EndTime "14:30:07 PDT"]
[Termination "NoSpaghettiForYou won on time"]

1. Nf3 d5 2. b3 Nf6 3. Bb2 g6 4. c4 c6 5. e3 Bg7 6. Be2 O-O 7. O-O a5 8. a4 Na6 9. d3 Nb4 10.
Nbd2 Bf5 11. Nb1 dxc4 12. e4 cxd3 13. exf5 dxe2 14. Qxe2 gxf5 15. Rd1 Qe8 16. Nbd2 Rd8 17. Nc4 Rd5 18. Rxd5 cxd5 19. Nxa5 Qd7 20. Bc3 Nc6 21. Nxc6 Qxc6 22. Bd4 e6 23. Ne5 Qc7 24. Nd3 Ne4 25. Bxg7 Kxg7 26. Rc1 Qb6 27. b4 Qa6 28. Qb2+ Kg8 29.
Qb3 Ra8 30. a5 Qb5 31. Ne5 Qe2 32. Qc2 Qxc2 33. Rxc2 f6 34. Nd7 Rd8 35. Nb6 Kf7 36. f3 Nd6 37. Rc7+ Kf8 38. Nd7+ Kg7 39. Nc5+ Kg6 40. Nxe6 Rc8 41. Nf4+ Kg5 42. Rxc8 Nxc8 43. Nxd5 f4 44. Kf2 Kf5 45. b5 Ke5 46. Nc7 Kd6 47. Ne8+ Ke7 48. Ng7 1-0

[Event "Late-Titled-Tuesday-Blitz-April-23-2024"]
[Site "Chess.com"]
[Date "2024.04.23"]
[Round "3"]
[White "Zhigalko_Sergei"]
[Black "TangerineandLemon25"]
[Result "0-1"]
[WhiteElo "2899"]
[BlackElo "2638"]
[TimeControl "180+1"]
[EndTime "14:30:08 PDT"]
[Termination "TangerineandLemon25 won on time"]

1. g4 d5 2. Bg2 e5 3. c4 dxc4 4. Na3 Bxa3 5. bxa3 c6 6. Rb1 Ne7 7. Qc2 Qd4 8. h3 O-O 9. Nf3 Qc5 10. d3 Na6 11. Qxc4 Qxc4 12. dxc4 f6 13. O-O Nc5 14. Be3 Na4 15. Rfc1 a5 16. Nd2 Rd8 17. Ne4 Kf7 18. Nc5 Nxc5 19. Bxc5 Rd2 20. Rd1 Rc2 21. Rd8 Rxc4 22. Bxe7 Kxe7 23. Rbd1 Rc1 24. a4 Be6 25. Rxa8 Rxd1+ 26. Kh2 Bxa2 27. Rxa5 Rd2 28. Ra7 Rd7 29. a5 Bd5 30. Bxd5 cxd5 31. Kg1 Kd6 32. Kf1 Kc6 33. Ke1 Rc7 34. a6 Kb6 35. Ra8 bxa6 36. Rd8 Kc5 37. Kd2 a5 38.
Ra8 Kb6 39. Rb8+ Rb7 40. Rd8 Kc6 41. Rc8+ Kb5 42. Rh8 h6 43. Kd3 a4 44. Ra8 Kb4 45. e3 a3 46. f4 exf4 47. exf4 Kb3 48. Kd4 a2 49. Kxd5 Rb4 50. Rxa2 Kxa2 51. Ke6 Rxf4 0-1

[Event "Late-Titled-Tuesday-Blitz-April-23-2024"]
[Site "Chess.com"]
[Date "2024.04.23"]
[Round "3"]
[White "gorgeous1083"]
[Black "Chessdude1987"]
[Result "0-1"]
[WhiteElo "2080"]
[BlackElo "2372"]
[TimeControl "180+1"]
[EndTime "14:30:08 PDT"]
[Termination "Chessdude1987 won on time"]

1. d4 e6 2. c4 f5 3. Nf3 Nf6 4. e3 Be7 5. Be2 b6 6. b3 Bb7 7.
a4 a5 8. O-O O-O 9. Qc2 Ne4 10.
Ba3 d6 11. Nfd2 Nd7 12. Nxe4 Bxe4 13. Bd3 Bb7 14. Nc3 Qe8 15. Rac1 Qh5 16. d5 e5 17. e4 f4 18. f3 g5 19. h3 Qg6 20.
Nb5 Bd8 21. Kh2 h5 22. Rg1 Kh8 23. Be2 Nf6 24. Qd1 Bc8 25. Rc2 g4 26. Nxd6 cxd6 27. Bxd6 Re8 28. c5 bxc5 29. Bxc5 Nd7 30. Bb5 Rg8 31.
Ba3 Bb6 32. Rc6 Bxg1+ 33. Kxg1 Qg5 34. fxg4 hxg4 35. hxg4 Nb8 36. Rd6 Bxg4 37. Qa1 Bf3 38. Bf1 Bxg2 39. Kf2 Qg3+ 40. Ke2 Qf3+ 41. Kd2 Qe3+ 42.
Kc2 Bxe4+ 0-1

[Event "Late-Titled-Tuesday-Blitz-April-23-2024"]
[Site "Chess.com"]
[Date "2024.04.23"]
[Round "3"]
[White "MaxLeto"]
[Black "NM_Koval"]
[Result "1-0"]
[WhiteElo "2418"]
[BlackElo "2166"]
[TimeControl "180+1"]
[EndTime "14:30:09 PDT"]
[Termination "MaxLeto won by resignation"]

1. b3 c5 2. c4 b6 3. Bb2 Bb7 4.
Nc3 e6 5. e3 Nf6 6. Nf3 d5 7.
d4 cxd4 8. Nxd4 a6 9. Nf3 Bb4 10. a3 Be7 11. Be2 O-O 12. O-O dxc4 13. Bxc4 b5 14.
Be2 Nc6 15. b4 Rc8 16. Qb3 Qb6 17. Rac1 Rfd8 18. Rfd1 h6 19. h3 Bf8 20. Nb1 Be7 21. Nbd2 Nd5 22. Ne4 Bf8 23. Nc5 Nce7 24. Nxb7 Qxb7 25.
Nd4 Ng6 26. Bf3 Qb6 27. Rxc8 Rxc8 28. Bxd5 exd5 29. Qxd5 Rd8 30. Qb3 Ne5 31. Nf5 Rxd1+ 32. Qxd1 Qf6 33. Nd4 Nc4 34. Bc1 Bd6 35. Nf3 Qe6 36.
Nd4 Qe5 37. g3 Kh7 38. Qf3 f6 39. Qf5+ Qxf5 40. Nxf5 Be5 41. Nd4 Bxd4 42. exd4 Kg6 43. Kf1 Kf7 44. Ke2 Ke6 45. Kd3 Kd5 46. f3 f5 47. g4 fxg4 48. hxg4 Nd6 49. f4 Ne4 50. g5 hxg5 51. fxg5 g6 52. Bf4 Nf2+ 53. Ke3 Nd1+ 54. Kd2 Nb2 55. Kc3 Nc4 56. Bc7 Nxa3 57. Bb6 Nc4 58. Bc5 Ke4 59. Kc2 Ne3+ 60. Kd2 Nd5 61. Ke2 Kf5 62. Kf3 Kxg5 63. Ke4 Kf6 64. Kxd5 g5 65. Ke4 a5 66. bxa5 1-0

[Event "Late-Titled-Tuesday-Blitz-April-23-2024"]
[Site "Chess.com"]
[Date "2024.04.23"]
[Round "3"]
[White "karinachess1"]
[Black "MaiqMaster"]
[Result "0-1"]
[WhiteElo "2606"]
[BlackElo "2456"]
[TimeControl "180+1"]
[EndTime "14:30:12 PDT"]
[Termination "MaiqMaster won by resignation"]

1. d4 d5 2. c4 e6 3. Nc3 Nf6 4. cxd5 exd5 5. Bg5 Bb4 6. a3 Bxc3+ 7. bxc3 h6 8. Bf4 O-O 9. e3 c6 10. Bd3 Nbd7 11. Nf3 Re8 12. O-O Ne4 13. c4 Ndf6 14. cxd5 Nxd5 15. Be5 Ng5 16. h3 Nc3 17. Qc2 Nxf3+ 18.
gxf3 Nd5 19. Kh2 Qh4 20. Bf5 Qh5 21. Bg4 Bxg4 22. fxg4 Qg5 23. Rab1 Qe7 24. Qb3 b5 25. Rbc1 Rac8 26. Rc2 a5 27. Rfc1 a4 28. Qd3 f6 29. Bg3 Qe6 30. Rc5 Nb6 31. Qg6 Nc4 32.
Ra1 Qe4 33. Qxe4 Rxe4 34. d5 Na5 35. dxc6 Nb3 36. Rac1 Nxc1 37. Rxc1 Rc4 38. Rb1 b4 39. axb4 R8xc6 40. b5 Rb6 41. Kg2 Rc5 42. Ra1 Rc4 43.
Rb1 a3 44. Ra1 Ra4 45. Kf3 Rxb5 46. Bd6 a2 47. Bf4 Rb1 48. Rxa2 Rxa2 0-1

[Event "Late-Titled-Tuesday-Blitz-April-23-2024"]
[Site "Chess.com"]
[Date "2024.04.23"]
[Round "3"]
[White "kai_nov"]
[Black "2Coaches1Profile"]
[Result "1-0"]
[WhiteElo "2277"]
[BlackElo "2546"]
[TimeControl "180+1"]
[EndTime "14:30:12 PDT"]
[Termination "kai_nov won by checkmate"]

1. d4 Nf6 2. c4 c5 3. d5 e6 4. Nc3 exd5 5. cxd5 d6 6. e4 g6 7. f3 Bg7 8. Bg5 a6 9. a4 O-O 10. Qd2 Re8 11. Ra3 Nbd7 12. Nh3 Ne5 13. Nf2 Rb8 14. Be2 Qc7 15. O-O c4 16. Rb1 b5 17. axb5 axb5 18.
b4 h5 19. Rba1 Bd7 20. h3 Nh7 21. Be3 Rb7 22. Ra7 Reb8 23. Rxb7 Rxb7 24. Ra8+ Rb8 25. Ra3 h4 26. f4 Nd3 27. Bxd3 cxd3 28. Qxd3 Rc8 29.
Nxb5 Bxb5 30. Qxb5 Rb8 31. Qc6 Qd8 32. b5 Rc8 33.
Qb7 Rb8 34. Qc6 Rc8 35. Qb6 Qe8 36. Bd4 Rb8 37. Qa7 Bxd4 38. Qxd4 Qxb5 39. Ng4 Qb6 40.
Qxb6 Rxb6 41. Rc3 Rb4 42. e5 Rd4 43. e6 Rd1+ 44. Kf2 f5 45. Rc8+ Kg7 46. e7 fxg4 47. e8=Q g3+ 48. Ke2 Rxd5 49. Qe7+ Kh6 50. Qxh4+ Kg7 51.
Rc7+ Kf8 52. Qd8# 1-0

[Event "Late-Titled-Tuesday-Blitz-April-23-2024"]
[Site "Chess.com"]
[Date "2024.04.23"]
[Round "3"]
[White "Ghost_Pepper"]
[Black "IngOscarArdila"]
[Result "1/2-1/2"]
[WhiteElo "2496"]
[BlackElo "2267"]
[TimeControl "180+1"]
[EndTime "14:30:13 PDT"]
[Termination "Game drawn - insufficient material"]

1. e4 e5 2. Nf3 Nf6 3. Nxe5 d6 4.
Nf3 Nxe4 5. Nc3 Nf6 6. d4 Be7 7. Bg5 O-O 8. Qd2 Bg4 9. O-O-O Nbd7 10. Kb1 d5 11. h3 Bh5 12. g4 Bg6 13. Ne5 c6 14. f4 Ne4 15. Nxe4 Bxe4 16. Bxe7 Qxe7 17.
Bg2 f6 18. Nxd7 Qxd7 19. Bxe4 dxe4 20. f5 Rfe8 21. Rhe1 Rad8 22. c4 Qd6 23. Qe3 a5 24. Re2 Qb4 25. Qc3 Qd6 26. Kc2 a4 27. d5 cxd5 28.
Rxd5 Qf4 29. Qd4 Rc8 30. Rd7 Qe5 31. Qxe5 Rxe5 32. b3 axb3+ 33. axb3 b5 34. Kc3 bxc4 35. bxc4 e3 36. Rd4 h5 37. Kd3 Rce8 38. Rd7 hxg4 39. hxg4 Re4 40. c5 Rxg4 41. Rxe3 Rxe3+ 42. Kxe3 Rc4 43.
Rc7 Kh7 44. Kd3 Rc1 45. Kd4 Kh6 46. Kd5 g6 47. Ke6 gxf5 48. Kxf5 Rf1+ 49. Ke6 Kg6 50.
c6 Re1+ 51. Kd5 f5 52. Rc8 Rd1+ 53. Ke5 Re1+ 54. Kd6 Rd1+ 55. Ke6 Re1+ 56. Kd7 Rd1+ 57. Ke8 Re1+ 58. Kf8 f4 59. Rc7 Kg5 60. Rg7+ Kf5 61. Rf7+ Kg4 62. c7 Rc1 63. Ke8 f3 64. Kd8 Kg3 65. Rg7+ Kh2 66. Rg6 f2 67. Rf6 Kg2 68. Rxf2+ Kxf2 69. c8=Q Rxc8+ 70. Kxc8 1/2-1/2

[Event "Late-Titled-Tuesday-Blitz-April-23-2024"]
[Site "Chess.com"]
[Date "2024.04.23"]
[Round "3"]
[White "Harry_Rakkel"]
[Black "NajdorfPlayerc5"]
[Result "1-0"]
[WhiteElo "2702"]
[BlackElo "2465"]
[TimeControl "180+1"]
[EndTime "14:30:14 PDT"]
[Termination "Harry_Rakkel won by resignation"]

1. e4 c5 2. Nf3 d6 3. d4 cxd4 4. Nxd4 Nf6 5. Nc3 a6 6. Be3 e5 7. Nb3 Be7 8. h3 h5 9. f4 Nbd7 10. Qf3 b5 11. O-O-O Bb7 12. Kb1 b4 13. Nd5 Nxd5 14.
exd5 a5 15. Bb5 a4 16. Nd2 b3 17. cxb3 axb3 18. Nxb3 Bf6 19. fxe5 Bxe5 20. Bd4 O-O 21. Bxd7 Qxd7 22. Bxe5 dxe5 23. Nc5 Qc7 24. Nxb7 Qxb7 25.
d6 Qa6 26. Qd5 Rfd8 27. Rhf1 Rd7 28. a3 Rb8 29. Qd3 Qb6 30. Rd2 Qb7 31. Qd5 Qa7 32. Rf3 Qb6 33. Ka2 Rbd8 34. Rb3 Qa6 35. Qb5 Qxb5 36.
Rxb5 Rxd6 37. Rxd6 Rxd6 38. Rxe5 Rd2 39. Rxh5 Rxg2 40. a4 g6 41. Rc5 f5 42. a5 Re2 43.
a6 Re6 44. Ra5 Re8 45. a7 Ra8 46. Kb1 Kf7 47. b4 f4 48. Kc2 f3 49. Kd2 Ke7 50. Ke3 Kd7 51. Kxf3 Kc7 52. Kg4 Kb6 53. Kg5 Rxa7 54.
Rxa7 Kxa7 55. Kxg6 Kb6 56. h4 Kb5 57. h5 1-0

[Event "Late-Titled-Tuesday-Blitz-April-23-2024"]
[Site "Chess.com"]
[Date "2024.04.23"]
[Round "3"]
[White "PapaieDudu"]
[Black "BabageldiAnnaberdiyev"]
[Result "1-0"]
[WhiteElo "2441"]
[BlackElo "2590"]
[TimeControl "180+1"]
[EndTime "14:30:17 PDT"]
[Termination "PapaieDudu won by checkmate"]

1. Nf3 e6 2. d4 d5 3. c4 f5 4. cxd5 exd5 5. Nc3 Nf6 6. Bg5 c6 7. e3 Bd6 8. Bd3 O-O 9. O-O Qe8 10. Qc2 Ne4 11. Bh4 Nd7 12. Bg3 Qe7 13. a3 a5 14.
Rfb1 Nxg3 15. hxg3 g6 16. Re1 Nf6 17. Nd2 Ne4 18.
Ne2 Bd7 19. Nf3 Rae8 20. Nd2 Nxf2 21. Kxf2 Qxe3+ 22. Kf1 Bxg3 23. Nxg3 Qxg3 24. Nf3 Re4 25. Qf2 Qd6 26. Ne5 Rxe1+ 27. Qxe1 Be8 28. Qc3 a4 29. Re1 Qf6 30. Nf3 Bf7 31. Bc2 b5 32. Ne5 Be8 33.
Kg1 Qh4 34. Nf3 Qg3 35. Re5 h5 36. Qe3 h4 37. Qh6 h3 38. Qxh3 Qf4 39. Re7 Bf7 40. Bd3 Qc1+ 41. Kh2 Qxb2 42. Ng5 Kg7 43. Qh7+ Kf6 44.
Nxf7 Kxe7 45. Ne5+ Kf6 46. Qxg6+ Ke7 47. Qg7+ Ke6 48.
Qd7+ Kf6 49. Qxc6+ Kg5 50. Qg6+ Kf4 51. Qg3# 1-0

[Event "Late-Titled-Tuesday-Blitz-April-23-2024"]
[Site "Chess.com"]
[Date "2024.04.23"]
[Round "3"]
[White "HajiyevKanan"]
[Black "rezamahdavi2008"]
[Result "0-1"]
[WhiteElo "2608"]
[BlackElo "2911"]
[TimeControl "180+1"]
[EndTime "14:30:18 PDT"]
[Termination "rezamahdavi2008 won by resignation"]

1. d4 Nf6 2. Nf3 b6 3. g3 Bb7 4.
Bg2 g6 5. O-O Bg7 6. b3 O-O 7.
Bb2 e6 8. c4 d5 9. e3 Qe7 10.
Ba3 c5 11. Nc3 Na6 12. Ne5 Rac8 13. cxd5 exd5 14. Nb5 Ba8 15. Rc1 Rfd8 16. Bh3 Rb8 17. Nd3 Ne4 18. Qc2 f5 19. Bg2 Rbc8 20. Qe2 Nb4 21.
dxc5 bxc5 22. Nxb4 cxb4 23. Bb2 Nc3 24. Bxc3 bxc3 25. Qd3 d4 26. Nxd4 Bxg2 27. Kxg2 Qc5 28. Rfd1 h6 29. h4 h5 30. Rc2 Kh7 31. Kg1 Rd7 32. Qa6 Rcd8 33. Rd3 f4 34. Ne6 Qf5 35. Nxg7 Qxd3 36. Qxd3 Rxd3 37. Ne6 Rc8 38. Nxf4 Rd2 39. Rc1 c2 40. Kg2 Rd1 41. Ne2 Rxc1 42. Nxc1 Rd8 43. Kf3 Rd1 44. Ne2 c1=Q 45. Nxc1 Rxc1 46. Ke4 Rc2 47. a4 Rxf2 48. Kd4 Kg7 49. a5 Rc2 50. b4 Kf6 51. b5 Ke6 52. e4 Ra2 53. a6 Rb2 54. Kc5 Ke5 55. Kc6 Kxe4 56. Kb7 Rxb5+ 57. Kxa7 Ra5 58. Kb6 Ra1 59. a7 Kf3 0-1

[Event "Late-Titled-Tuesday-Blitz-April-23-2024"]
[Site "Chess.com"]
[Date "2024.04.23"]
[Round "3"]
[White "chessdjw"]
[Black "BlackGod93"]
[Result "1-0"]
[WhiteElo "2804"]
[BlackElo "2564"]
[TimeControl "180+1"]
[EndTime "14:30:18 PDT"]
[Termination "chessdjw won on time"]

1. d4 Nf6 2. c4 c5 3. d5 b5 4. cxb5 a6 5. bxa6 g6 6. Nc3 Bg7 7. Nf3 O-O 8. a7 Rxa7 9. e4 e6 10. Be2 exd5 11. exd5 d6 12. O-O Na6 13. Bf4 Rd7 14. Bb5 Re7 15. a3 Ne4 16. Nxe4 Rxe4 17. Bg5 Qb6 18. a4 Bxb2 19. Qc2 Rb4 20. Rad1 Bf5 21.
Qd2 Bg7 22. Bh6 Nc7 23. Bxg7 Kxg7 24. Qc3+ Kg8 25. Bc6 Rb3 26. Qf6 Ne8 27. Qe7 Qc7 28. Qh4 Ng7 29. Rfe1 Rb4 30. Qh6 f6 31. Ra1 Bc2 32. a5 Nf5 33. Qd2 Be4 34. Rxe4 Rxe4 35. a6 Ree8 36. Bxe8 Rxe8 37. h3 Ra8 38. Qe2 c4 39. g4 Ne7 40. Qe6+ Kg7 41. Nd4 Nc8 42. Qe3 Qb6 43. Ne6+ Kg8 44. Qh6 1-0

[Event "Late-Titled-Tuesday-Blitz-April-23-2024"]
[Site "Chess.com"]
[Date "2024.04.23"]
[Round "3"]
[White "Andrei_Skvortsov"]
[Black "kripri"]
[Result "1-0"]
[WhiteElo "2740"]
[BlackElo "2339"]
[TimeControl "180+1"]
[EndTime "14:30:18 PDT"]
[Termination "Andrei_Skvortsov won on time"]

1. d4 d5 2. c4 e6 3. Nc3 Be7 4. cxd5 exd5 5. Bf4 c6 6. e3 Bf5 7. Bd3 Bxd3 8. Qxd3 Nf6 9. h3 O-O 10. Nf3 Nbd7 11. O-O h6 12. a3 Re8 13. b4 a6 14.
Na4 Nb6 15. Nc5 Qc8 16. Nd2 Nbd7 17. Rae1 Nxc5 18. bxc5 Bd8 19. Rb1 Bc7 20. Bxc7 Qxc7 21. Rb3 Rab8 22. Rfb1 Ne4 23. Nxe4 Rxe4 24. Rb6 Re7 25. R1b3 Ra8 26. Rxb7 Qxb7 27. Rxb7 Rxb7 28. h4 h5 29. Kh2 a5 30. a4 Rb4 31. Qc2 g6 32. g4 hxg4 33. Kg3 Rab8 34. Kxg4 Rb2 35. Qd3 Ra8 36. f3 Rg2+ 37. Kf4 Rb2 38. h5 Kg7 39. e4 Rb4 40. exd5 cxd5 41. Ke5 Re8+ 42. Kd6 Rxa4 43. c6 Rc4 44. Kxd5 Rc1 45. hxg6 fxg6 46. Qa6 Rd8+ 47. Ke4 Rd6 48. d5 Re1+ 49.
Kf4 Rxd5 50. Qb7+ Kf6 51. c7 Rf5+ 52. Kg3 1-0

[Event "Late-Titled-Tuesday-Blitz-April-23-2024"]
[Site "Chess.com"]
[Date "2024.04.23"]
[Round "3"]
[White "ricaurtelopezj1955"]
[Black "MarkoPe"]
[Result "0-1"]
[WhiteElo "2152"]
[BlackElo "2408"]
[TimeControl "180+1"]
[EndTime "14:30:18 PDT"]
[Termination "MarkoPe won by resignation"]

1. e4 c6 2. d4 d6 3. Nc3 Nd7 4. f4 Ngf6 5. Nf3 g6 6. e5 Nd5 7.
e6 fxe6 8. Ne4 Bg7 9. c3 N7f6 10. Bd3 O-O 11. O-O Nxe4 12. Bxe4 Nxf4 13. Ng5 e5 14.
Bxf4 exf4 15. Nxh7 Kxh7 16. Qh5+ Kg8 17. Bxg6 Rf6 18.
g3 Qd7 19. gxf4 Qg4+ 20. Qxg4 Bxg4 21. Bd3 Raf8 22. Rae1 e6 23. Re3 Rxf4 24. Rxf4 Rxf4 25. h3 Bf5 26. Bxf5 Rxf5 27. Rxe6 Kf7 28. Re2 Bf6 29. Kg2 a5 30. Kg3 Rg5+ 31. Kf4 Rg1 32. Rh2 Kg6 33. Re2 Rf1+ 34. Kg3 Kf5 35. Re8 Rb1 36. Re2 Ra1 37.
a3 Rg1+ 38. Kf3 Rh1 39. Kg2 Rb1 40. Kf3 Bg5 41. Kg3 Rg1+ 42. Kf2 Rd1 43. Kg3 Rd3+ 44. Kf2 Rd2 45. Rxd2 Bxd2 46. Ke2 Bc1 47. b4 a4 48. Kd3 Bxa3 49. Kc2 b5 50. Kb1 Kf4 51. Kc2 Kg3 52. d5 cxd5 53. Kd3 Kxh3 54. Kd4 Bb2 0-1

[Event "Late-Titled-Tuesday-Blitz-April-23-2024"]
[Site "Chess.com"]
[Date "2024.04.23"]
[Round "3"]
[White "lamomiajunior"]
[Black "boracilek"]
[Result "1-0"]
[WhiteElo "2739"]
[BlackElo "2512"]
[TimeControl "180+1"]
[EndTime "14:30:19 PDT"]
[Termination "lamomiajunior won by resignation"]

1. d4 g6 2. Nc3 Bg7 3. e4 c6 4.
h3 d5 5. e5 f6 6. f4 Nh6 7.
Be3 O-O 8. Nf3 fxe5 9. dxe5 e6 10. Qd2 Nd7 11. g4 Nf7 12. O-O-O g5 13. Bd3 gxf4 14.
Bxf4 Ndxe5 15. Nxe5 Nxe5 16. Bxe5 Bxe5 17. Rdf1 Bd7 18.
g5 Qe7 19. g6 hxg6 20. Bxg6 Rxf1+ 21. Rxf1 Rf8 22. Rg1 Qh4 23. Kb1 Kh8 24. a3 Rg8 25. Qe2 Bd4 26. Rg4 Qf6 27. Rxd4 Rxg6 28. Rd1 e5 29.
Rf1 Qg5 30. Qf2 Be6 31. Qxa7 Rg7 32. Qb8+ Kh7 33. Qd6 Bxh3 34. Rh1 Qg2 35. Re1 e4 36. Qf4 Qg3 37. Qd2 Rf7 38. Rh1 Kg7 39. Qd4+ Kg8 40. Ka2 Rf1 41. Ne2 Qg2 42. Rxf1 Qxf1 43. Nc3 Qc4+ 44.
Qxc4 dxc4 45. Nxe4 Bf5 46. Nd6 Bxc2 47. Nxb7 Bb3+ 48.
Kb1 Kf7 49. Nc5 Ke7 50. Nxb3 cxb3 51. Kc1 Kd6 52. Kd2 Kc5 53. Kc3 Kb5 54. Kxb3 Ka5 55.
Kc3 Ka4 56. Kc4 Ka5 57. Kc5 1-0

[Event "Late-Titled-Tuesday-Blitz-April-23-2024"]
[Site "Chess.com"]
[Date "2024.04.23"]
[Round "3"]
[White "Mackster23"]
[Black "DanielDardha2005"]
[Result "1-0"]
[WhiteElo "2612"]
[BlackElo "2845"]
[TimeControl "180+1"]
[EndTime "14:30:20 PDT"]
[Termination "Mackster23 won by resignation"]

1. e4 c5 2. Nf3 Nf6 3. e5 Nd5 4. Nc3 e6 5. Nxd5 exd5 6. d4 Nc6 7. dxc5 Bxc5 8. Qxd5 Qb6 9. Bc4 Bxf2+ 10. Ke2 O-O 11.
Rf1 Bc5 12. Ng5 Nd4+ 13. Kd1 Ne6 14. Ne4 d6 15. exd6 Bd7 16. Nxc5 Nxc5 17. Be3 Bg4+ 18. Kc1 Nb3+ 19. axb3 Qxe3+ 20. Kb1 Be6 21. Qxb7 Bxc4 22. bxc4 Qe2 23. Rxf7 Rxf7 24. Qxa8+ Rf8 25. Qd5+ Kh8 26. Rxa7 h6 27. Ra8 Rxa8 28. Qxa8+ Kh7 29. Qd5 Qf1+ 30. Ka2 Qf2 31. Qd3+ g6 32. b3 Qa7+ 33. Kb2 Qd7 34. c5 h5 35. Qd5 h4 36. c6 Qg7+ 37. c3 h3 38. gxh3 Qf6 39. d7 Qf2+ 40. Ka3 Qa7+ 41. Kb4 Qb8+ 42. Kc4 Qf4+ 43. Qd4 Qf1+ 44. Kb4 Qf8+ 45.
Qc5 Qb8+ 46. Kc4 Qf4+ 47. Kb5 Qb8+ 48. Qb6 Qe5+ 49. Ka6 Qe2+ 50. Kb7 Qd3 51. d8=Q Qxc3 52. Qh4+ Kg8 53. Qbd8+ Kg7 54. Qdf6+ Qxf6 55. Qxf6+ Kxf6 56. c7 Kg7 57. c8=Q Kh7 58. Qg4 Kh8 59. Kc6 Kh7 60. Kd6 Kh8 61. Ke6 Kh7 62. Qxg6+ Kh8 63. Qg4 1-0

[Event "Late-Titled-Tuesday-Blitz-April-23-2024"]
[Site "Chess.com"]
[Date "2024.04.23"]
[Round "3"]
[White "wadsy27"]
[Black "Eloist"]
[Result "1-0"]
[WhiteElo "2644"]
[BlackElo "2457"]
[TimeControl "180+1"]
[EndTime "14:30:20 PDT"]
[Termination "wadsy27 won by resignation"]

1. c4 e5 2. Nf3 Nc6 3. Nc3 Nf6 4.
e4 Bb4 5. d3 d6 6. a3 Bc5 7. b4 Bb6 8. Na4 Bg4 9. Nxb6 axb6 10.
Bb2 O-O 11. Be2 Nh5 12. h3 Bxf3 13. Bxf3 Nf4 14. b5 Nd4 15. Bxd4 exd4 16. Bg4 Qg5 17.
g3 Ne6 18. Bxe6 fxe6 19. O-O h5 20. h4 Qg4 21. Kg2 Rf7 22. f4 Qxd1 23. Rfxd1 Ra4 24. Rdb1 Rf8 25. Rb4 Rfa8 26. Rxa4 Rxa4 27. Kf3 c6 28. Ke2 Kf7 29. Kd2 Kf6 30. Kc2 Ra8 31. Rb1 Rxa3 32. bxc6 bxc6 33. Rxb6 Ra2+ 34. Kc1 Rg2 35. Rxc6 Rxg3 36. Rxd6 Rxd3 37. f5 Rc3+ 38. Kd2 Rxc4 39. Rxe6+ Kf7 40. Kd3 Ra4 41. Rb6 Ra3+ 42. Kxd4 Rh3 43.
e5 Rxh4+ 44. Kd5 Rf4 45. Rb7+ Kg8 46. Rb8+ Kh7 47. e6 Rxf5+ 48. Ke4 Rf1 49. Ke5 h4 50. e7 h3 51. e8=Q Re1+ 52. Kf4 Rxe8 53. Rxe8 Kg6 54. Kg3 Kh5 55. Re5+ g5 56. Kxh3 1-0

[Event "Late-Titled-Tuesday-Blitz-April-23-2024"]
[Site "Chess.com"]
[Date "2024.04.23"]
[Round "3"]
[White "rynos0411"]
[Black "KorolDimitriy75"]
[Result "0-1"]
[WhiteElo "2514"]
[BlackElo "2354"]
[TimeControl "180+1"]
[EndTime "14:30:22 PDT"]
[Termination "KorolDimitriy75 won by resignation"]

1. e4 c5 2. Nf3 d6 3. d4 cxd4 4. Qxd4 a6 5. c4 Nc6 6. Qd2 g6 7.
Nc3 Bh6 8. Qc2 Bg7 9. b3 Nf6 10. Bb2 O-O 11. Be2 Bg4 12. Qd2 Qa5 13. O-O Nxe4 14.
Nxe4 Qxd2 15. Nfxd2 Bxb2 16. Bxg4 Bxa1 17. Rxa1 f5 18. Bh3 fxe4 19. Be6+ Kg7 20. Nxe4 Nd4 21. Bd5 Rab8 22. Rd1 Ne2+ 23. Kf1 Nf4 24. Ng5 h6 25. Ne6+ Nxe6 26. Bxe6 b5 27. f3 bxc4 28. Bxc4 a5 29.
a4 Rfc8 30. Rd5 Rc5 31. Rd3 Rd8 32. Kf2 d5 33. Bb5 e5 34. h4 Kf6 35. g4 g5 36. h5 Rdc8 37. Kg3 Ke6 38. Ba6 R8c7 39. Rd1 Rc3 40. Bd3 Rxb3 41. Bf5+ Kd6 42. Be4 d4 43.
Kg2 Rcc3 44. Kf2 Ra3 45. Rb1 Rcb3 46. Rc1 Rc3 47. Rb1 Rxa4 48. Rb6+ Kc5 49. Rb8 Ra2+ 50.
Kg3 a4 51. Rb7 a3 52. Ra7 Kb4 53. Rb7+ Kc5 54. Rc7+ Kb6 55. Rb7+ Ka6 56. Rb4 Ka5 57. Rb7 Re2 58. Ra7+ Kb4 59. Rb7+ Kc5 60. Ra7 Kb6 61. Rb7+ Ka6 62. Rb4 Rxe4 63. Rb8 Ree3 64. Kg2 Rxf3 65. Ra8+ Kb5 66. Rh8 Kc4 67. Rxh6 Rfe3 68. Rg6 Rc2+ 69. Kf1 Rb3 70. Rc6+ Kd3 71. Rxc2 Kxc2 72. h6 Rb6 73. h7 Rh6 74. h8=Q Rxh8 75. Kf2 Rf8+ 76. Kg3 Rf4 0-1

[Event "Late-Titled-Tuesday-Blitz-April-23-2024"]
[Site "Chess.com"]
[Date "2024.04.23"]
[Round "3"]
[White "Karacsonyi_Gellert"]
[Black "h4parah5"]
[Result "0-1"]
[WhiteElo "2754"]
[BlackElo "3030"]
[TimeControl "180+1"]
[EndTime "14:30:25 PDT"]
[Termination "h4parah5 won on time"]

1. e4 c5 2. Nf3 Nc6 3. d4 cxd4 4. Nxd4 Nf6 5. Nc3 h5 6. Bg5 Qa5 7. Bxf6 gxf6 8. Be2 Qe5 9. Nf3 Qb8 10. Qd2 e6 11.
O-O a6 12. a4 Qc7 13. Kh1 b6 14. Rad1 Bb7 15. Rfe1 Bc5 16. Bf1 Rc8 17. Nd5 exd5 18. exd5+ Ne5 19. Nxe5 fxe5 20. d6 Qxd6 21. Qxd6 Bxd6 22.
Rxd6 Rxc2 23. Rxb6 Bc8 24. Bxa6 Bxa6 25. Rxa6 Kf8 26.
b4 Rxf2 27. Kg1 Rb2 28. Rxe5 Rxb4 29. Ra8+ Kg7 30. Rxh8 Kxh8 31. Rxh5+ Kg7 32. a5 Rb2 33. Rd5 Ra2 34. h4 Kg6 35. h5+ Kh6 36. Kh2 Ra3 37. g3 f6 38. Kh3 Ra4 39. g4 Ra1 40. Kg3 Ra4 41. Kh4 Ra1 42. Rd6 Rh1+ 43. Kg3 Kg5 44.
Rd5+ Kh6 45. Rxd7 Rg1+ 46. Kf3 Ra1 47. Rd5 Ra4 48. Kg3 Ra1 49. Kf4 Rf1+ 50. Ke4 Rg1 51. Kf5 Rf1+ 52. Ke6 Rf4 53. a6 Ra4 54. Rd6 Kg5 55.
h6 Re4+ 56. Kf7 Rxg4 0-1

[Event "Late-Titled-Tuesday-Blitz-April-23-2024"]
[Site "Chess.com"]
[Date "2024.04.23"]
[Round "3"]
[White "yaguigor"]
[Black "HanSchut"]
[Result "1/2-1/2"]
[WhiteElo "2568"]
[BlackElo "2342"]
[TimeControl "180+1"]
[EndTime "14:30:26 PDT"]
[Termination "Game drawn by repetition"]

1. Nf3 Nf6 2. c4 g6 3. Nc3 d5 4. cxd5 Nxd5 5. Qb3 Nb6 6. d4 Be6 7. Qc2 Nc6 8. e3 Bg7 9. Bb5 O-O 10. O-O Nb4 11. Qe2 c6 12. d5 cxd5 13. a3 Nc6 14. Rd1 a6 15. Bd3 Bg4 16. Bb1 Ne5 17. h3 Nxf3+ 18.
gxf3 Bxh3 19. Kh2 Be6 20. Ba2 Qc8 21. Bd2 d4 22. Bxe6 Qxe6 23. Ne4 Rad8 24. Ng3 d3 25. Qf1 Bxb2 26. Rab1 Bg7 27. Ba5 Rd6 28. Ne4 Nc4 29.
Bb4 Rdd8 30. Rxd3 Ne5 31. Rxd8 Rxd8 32. Kg2 h5 33. Rd1 Rc8 34. Qe2 b5 35. Nc5 Qf6 36. Nd7 Qg5+ 37. Kf1 Qf5 38. Nxe5 Qxe5 39. Kg2 Qg5+ 40.
Kf1 Qh4 41. Kg2 Be5 42. f4 Bf6 43. Qf3 Qg4+ 44. Qxg4 hxg4 45. Rd7 Rc6 46. Bxe7 Bxe7 47. Rxe7 Rc3 48. a4 bxa4 49. Re5 Ra3 50. Ra5 Ra1 51. Rxa6 f5 52. Rxg6+ Kf7 53. Ra6 a3 54. Kg3 a2 55.
Kg2 Ke7 56. Ra5 Ke6 57. Ra8 Kd5 58. Ra5+ Kc4 59. Ra8 Kd3 60. Ra3+ Ke4 61. Ra8 Kd3 62. Ra3+ Kc4 63. Ra8 Kb5 64. Rb8+ Kc6 65. Ra8 Kb5 66. Rb8+ Kc4 67. Ra8 1/2-1/2